 Dungeon Crawl Stone Soup version 0.26-a0-259-g1effd001a9 (webtiles) character file.

Game seed: 8482430240250890033

113 night the Chiller (level 4, -2/26 HPs)
             Began as a Gargoyle Ice Elementalist on July 22, 2020.
             Killed from afar by Sigmund (7 damage)
             ... with a magic dart
             ... on level 3 of the Dungeon.
             The game lasted 00:07:51 (3113 turns).

night the Chiller (Gargoyle Ice Elementalist)       Turns: 3113, Time: 00:07:52

Health: -2/26      AC:  5    Str:  9 (12) XL:     4   Next: 96%
Magic:  1/8        EV: 12    Int: 14 (16) God:
Gold:   75         SH:  0    Dex:  7 (10) Spells: 4/8 levels left

rFire    + . .     SeeInvis .   m - +0 short sword (speed)
rCold    + . .     Faith    .   (no shield)
rNeg     + . .     Spirit   .   a - +0 robe
rPois    ∞         Reflect  .   (no helmet)
rElec    +         Harm     .   (no cloak)
rCorr    +                      (no gloves)
MR       .....                  (no boots)
Stlth    ++........             (no amulet)
HPRegen  0.08/turn              (no ring)
MPRegen  0.11/turn              (no ring)

@: resistant, frozen ramparts
A: negative energy resistance 1, electricity resistance, unbreathing,
petrification resistance, rot immunity, AC +3
a: no special abilities


You were on level 3 of the Dungeon.
You were not hungry.

You visited 1 branch of the dungeon, and saw 3 of its levels.

You collected 75 gold pieces.

Inventory:

Hand Weapons
 m - a +0 short sword of speed (weapon)
Missiles
 d - 42 arrows
 e - 73 stones (quivered)
 k - 28 sling bullets
 n - 14 poisoned darts
Armour
 a - a +0 robe (worn)
Scrolls
 b - 3 scrolls of teleportation
 g - 3 scrolls of identify
 i - a scroll of noise {unknown}
 o - a scroll of remove curse
Potions
 f - a potion of degeneration
 j - a potion of lignification
Comestibles
 c - 10 rations


   Skills:
 + Level 1.9 Fighting
 - Level 1.5 Dodging
 - Level 2.1 Stealth
 + Level 2.7 Spellcasting
 * Level 5.3 Ice Magic


You had 4 spell levels left.
You knew the following spells:

 Your Spells              Type           Power        Failure   Level
a - Freeze                Ice            ###.         2%          1
b - Frozen Ramparts       Ice            ###...       8%          3

Your spell library contained the following spells:

 Spells                   Type           Power        Failure   Level
 Ozocubu's Armour         Chrm/Ice       #.......     22%         3
 Hailstorm                Conj/Ice       #.......     58%         4
 Summon Ice Beast         Ice/Summ       #.......     58%         4


Dungeon Overview and Level Annotations

Branches:
Dungeon (3/15)

Altars:
Qazlal

Annotations:
D:3 Sigmund


Innate Abilities, Weirdness & Mutations

You are resistant to torment.
Your stone body is resilient. (AC +3)
You are immune to poison.
You resist negative energy. (rN+)
You are resistant to electric shocks. (rElec)
You can survive without breathing.
You are immune to petrification.
You are immune to rotting.


Message History

A magic dart appears from out of thin air!
The magic dart hits you.
* * * LOW HITPOINT WARNING * * *
Casting: Frozen Ramparts (quite dangerous; 8% risk of failure)
Confirm with . or Enter, or press ? or * to list all spells.
Okay, then.
The frozen ramparts melt away.
You hear some strange, mumbled words.
Something tries to affect you, but you resist.
Casting: Frozen Ramparts (quite dangerous; 8% risk of failure)
Confirm with . or Enter, or press ? or * to list all spells.
You can't see any susceptible monsters within range! (Use Z to cast anyway.)
Casting: Frozen Ramparts (quite dangerous; 8% risk of failure)
Confirm with . or Enter, or press ? or * to list all spells.
The spell is quite dangerous to cast (8% risk of failure)!
Continue anyway?
The walls around you are covered in ice.
The wall freezes something.
A magic dart appears from out of thin air!
The magic dart hits you!
You die...

#.# #.# ......#
#.# #.....# ...
#.# #.....# ....
#.##.#.....##.....
#..#.#.##.........
#....#.##........
#@.###.##........
#.†{.†........#
#...##.##.....#
#...##.#.)....#
#.....<##††...#
#....†..>..#'##
#.##########.# ..#
#.# .### #......#


There were no monsters in sight!

Vanquished Creatures
  4 adders (D:2)
  A gnoll (D:1)
  2 oozes (D:2)
  A worm (D:2)
  4 dart slugs
  A leopard gecko (D:3)
  A ball python (D:2)
  4 giant cockroaches
  4 goblins
  7 hobgoblins
  4 kobolds
  4 bats
  4 frilled lizards
  10 rats
51 creatures vanquished.

Notes
Turn   | Place    | Note
-------+----------+-------------------------------------------
     0 | D:1      | night the Gargoyle Ice Elementalist began the quest for the
                  | Orb.
     0 | D:1      | Reached XP level 1. HP: 10/10 MP: 3/3
   426 | D:1      | Reached XP level 2. HP: 13/15 MP: 3/5
   776 | D:1      | Reached XP level 3. HP: 16/20 MP: 6/6
   781 | D:1      | Learned a level 3 spell: Frozen Ramparts
   972 | D:1      | Reached skill level 1 in Fighting
  1888 | D:2      | Reached XP level 4. HP: 25/25 MP: 3/7
  1961 | D:2      | Reached skill level 5 in Ice Magic
  2762 | D:2      | Noticed an air elemental
  2772 | D:2      | Noticed an earth elemental
  2775 | D:2      | Found a stormy altar of Qazlal.
  2777 | D:2      | Noticed a fire elemental
  2777 | D:2      | Noticed a water elemental
  3080 | D:3      | Noticed Sigmund
  3113 | D:3      | Killed from afar by Sigmund

Illustrated notes

Levels and vault maps discovered:
D:1:      giann_horns, layout_loops_corners
D:2:      layout_loops_corners, serial_forest, infiniplex_forest_end_2,
          infiniplex_forest_straight_3, infiniplex_forest_straight_2,
          infiniplex_forest_zigzag_1, infiniplex_forest_clump_double,
          infiniplex_forest_lined_corner, infiniplex_forest_clump_small,
          kennysheep_nub, grunt_ministairs_7, nicolae_qazlal_style_of_elements
D:3:      layout_basic, minitemple, st_stairs_13, uniq_sigmund

Skill      XL: |  1  2  3  4 |
---------------+-------------+-----
Fighting       | 1 |  1.9
Ice Magic      | 5 |  5.3
Dodging        | |  1.5
Stealth        | |  2.1
Spellcasting   | |  2.7

Action                   |  1- 3 |  4- 6 || total
-------------------------+-------+-------++-------
Melee: Unarmed           |    15 |       ||    15
       Dagger            |    62 |       ||    62
       Short sword       |    12 |    30 ||    42
 Cast: Freeze            |    20 |     5 ||    25
       Frozen Ramparts   |     3 |    12 ||    15
  Use: Scroll            |     5 |       ||     5
       Potion            |       |     3 ||     3
 Stab: Sleeping          |     5 |     2 ||     7
  Eat: Ration            |     1 |     1 ||     2
Armor: Robe              |    26 |    10 ||    36
Dodge: Dodged            |    55 |    23 ||    78

Table legend:
 A = Non-vault XP
 B = Vault XP
 C = Vault XP percentage of total XP
 D = Non-vault monster count
 E = Vault monster count
 F = Vault count percentage of total count
                 A         B        C        D         E       F
            +---------+---------+-------+---------+---------+-------
      Total |     141 |      21 |  13.0 |      49 |       2 |   3.9
            +---------+---------+-------+---------+---------+-------
        D:1 |      48 |       0 |   0.0 |      22 |       0 |   0.0
        D:2 |      82 |      21 |  20.4 |      21 |       2 |   8.7
        D:3 |      11 |       0 |   0.0 |       6 |       0 |   0.0
            +---------+---------+-------+---------+---------+-------
